 Dungeon Crawl Stone Soup version 0.20.1-1-g8b1a95d (webtiles) character file.

6794 poirepourri the Basher (level 11, -18/71 HPs)
             Began as a Gargoyle Fighter on Nov 2, 2017.
             Was a High Priest of Okawaru.
             Killed from afar by a fire dragon (24 damage)
             ... with a blast of flame
             ... on level 10 of the Dungeon.
             The game lasted 00:13:33 (9210 turns).

poirepourri the Basher (Gargoyle Fighter)           Turns: 9210, Time: 00:13:34

Health: -18/71     AC: 20    Str: 20    XL:     11   Next: 5%
Magic:  11/11      EV: 14    Int: 12    God:    Okawaru [*****.]
Gold:   415        SH: 15    Dex: 19    Spells: 10/10 levels left

rFire    . . .     SeeInvis .   a - +10 flail of Eternal Night {holy, rF- Int+3 Dex+7}
rCold    x . .     Gourm    .   c - +5 shield
rNeg     + . .     Faith    .   i - +1 scale mail
rPois    ∞         Spirit   .   (no helmet)
rElec    +         Reflect  .   (no cloak)
rCorr    .         Harm     .   (no gloves)
MR       .....                  k - +2 pair of boots
Stlth    ..........             (no amulet)
Regen    0.3/turn               e - +2 ring of protection
MPRegen  0.2/turn               E - ring of fire

@: no status effects
A: negative energy resistance 1, electricity resistance, unbreathing,
petrification resistance, rot immunity, AC +7
a: Heroism, Finesse, Renounce Religion


You were on level 10 of the Dungeon.
You worshipped Okawaru.
Okawaru was extremely pleased with you.
You were not hungry.

You visited 2 branches of the dungeon, and saw 11 of its levels.

You collected 415 gold pieces.

Inventory:

Hand Weapons
 a - the +10 flail of Eternal Night (weapon) {holy, rF- Int+3 Dex+7}
   (You found it on level 8 of the Dungeon)

   It has been blessed by the Shining One to cause great damage to the undead
   and demons.
   It affects your intelligence (+3).
   It affects your dexterity (+7).
   It makes you vulnerable to fire.
 b - a +0 blowgun
 n - a cursed -1 hunting sling
 z - a +4 flail of protection
Missiles
 d - 66 bolts
 v - 65 poisoned needles
 A - 8 tomahawks (quivered)
 C - 4 javelins
 F - 2 poisoned javelins
 H - a throwing net
 S - 6 curare-tipped needles
Armour
 c - a +5 shield (worn)
 i - a +1 scale mail (worn)
 k - a +2 pair of boots (worn)
Jewellery
 e - a +2 ring of protection (left hand)
 h - an uncursed ring of positive energy
 E - a ring of fire (right hand)
 L - an uncursed ring of magical power
 R - an uncursed ring of magical power
Wands
 p - a wand of iceblast (15/15)
 y - a wand of random effects (33/48)
 G - a wand of scattershot (7/9)
 I - a wand of flame (28/48)
 K - a wand of polymorph (13/24)
 O - a wand of digging (5/24)
Scrolls
 m - 2 scrolls of fear
 u - 2 scrolls of teleportation
 M - a scroll of recharging
 P - 3 scrolls of remove curse
Potions
 l - a potion of ambrosia
 o - a potion of lignification
 r - a potion of resistance
 t - 2 potions of berserk rage
 x - a potion of flight {unknown}
 B - 2 potions of might
 D - 3 potions of agility
 J - 2 potions of curing
 N - a potion of brilliance {unknown}
 Q - a potion of magic {unknown}
 U - a potion of haste {unknown}
Books
 q - a book of Air

   Spells                             Type                      Level
   a - Shock                          Conjuration/Air              1
   b - Swiftness                      Charms/Air                   2
   c - Static Discharge               Conjuration/Air              3
   d - Airstrike                      Air                          4
   e - Lightning Bolt                 Conjuration/Air              5
 s - a book of Conjurations

   Spells                             Type                      Level
   a - Magic Dart                     Conjuration                  1
   b - Searing Ray                    Conjuration                  2
   c - Dazzling Spray                 Conjuration/Hexes            3
   d - Fulminant Prism                Conjuration/Hexes            4
   e - Force Lance                    Conjuration/Translocation    4
   f - Iskenderun's Mystic Blast      Conjuration                  4
 w - a book of Callings

   Spells                             Type                      Level
   a - Summon Small Mammal            Summoning                    1
   b - Call Imp                       Summoning                    2
   c - Call Canine Familiar           Summoning                    3
   d - Summon Guardian Golem          Hexes/Summoning              3
   e - Summon Lightning Spire         Summoning/Air                4
   f - Summon Ice Beast               Ice/Summoning                4
Comestibles
 f - 7 bread rations
 g - 5 meat rations
 j - 14 fruits
 T - a royal jelly


   Skills:
 - Level 9.0 Fighting
 - Level 10.3 Maces & Flails
 - Level 3.2 Armour
 - Level 9.0 Dodging
 + Level 3.2 Shields


You had 10 spell levels left.
You didn't know any spells.

Dungeon Overview and Level Annotations

Branches:
Dungeon (10/15)            Temple (1/1) D:4
   Lair: D:8-11         Orc: D:9-12

Altars:
Ashenzari
Cheibriados
Dithmenos
Elyvilon
Fedhas
Gozag
Hepliaklqana
Kikubaaqudgha
Makhleb
Nemelex Xobeh
Okawaru
Qazlal
Ru
Sif Muna
Trog
Uskayaw
Vehumet
Xom
Yredelemnul
Zin
The Shining One

Shops:
D:6 =   D:9 :


Innate Abilities, Weirdness & Mutations

You are resistant to torment.
Your stone body is resilient. (AC +7)
You are immune to poison.
You resist negative energy. (rN+)
You are resistant to electric shocks. (rElec)
You can survive without breathing.
You are immune to petrification.
You are immune to rotting.


Message History

You see here 19 gold pieces.
You now have 415 gold pieces (gained 19).
The frost giant hits you but does no damage.
Found 50 gold pieces.
Found a glowing silver altar of Zin.
You hit the frost giant.
The frost giant is lightly wounded.
Your shield and scale mail prevent you from hitting the frost giant.
The frost giant is lightly wounded.
The frost giant hits you with a battleaxe of freezing!!
* * * LOW HITPOINT WARNING * * *
The frost giant freezes you!
* * * LOW HITPOINT WARNING * * *
You hear a deafening roar!
As you read the scroll of fear, it crumbles to dust.
You assume a fearsome visage.
The frost giant looks frightened!
A fire dragon comes into view.
A hound skeleton comes into view.
The fire dragon breathes flames at you. The blast of flame hits you!
You die...

#.#..# #.#..#
#....# .#
####....####..#
..............#
#.........# #...#
#...# #@..# #...#
#####...#########
.........D...C...
.####....#8..8#$.
#.Z.##....# ##.##
.....# #.# $$$$##
#.# #####


You could see a fire dragon and a hound skeleton.

Vanquished Creatures
  A two-headed ogre (D:9)
  Erica (D:8)
  The ghost of AdmiralAndromeda the Spear-Bearer, a novice MfGl (D:5)
  A troll (D:9)
  Grinder (D:5)
  A hippogriff (D:9)
  Menkaure (D:7)
  2 water moccasins
  4 sky beasts
  2 ice beasts
  2 orc warriors
  3 phantoms (D:7)
  5 ogres
  2 centaurs
  2 crocodiles
  3 big kobolds
  7 bullfrogs
  5 scorpions
  A water moccasin skeleton (D:8)
  3 wights (D:6)
  4 howler monkeys
  2 centaur zombies
  5 crimson imps
  A bullfrog zombie (D:5)
  2 orc priests
  A gnoll shaman (D:8)
  4 hounds
  3 bullfrog skeletons
  A centaur skeleton (D:4)
  Terence (D:3)
  3 iguanas
  6 orc wizards
  5 worker ants
  A killer bee zombie (D:6)
  The ghost of letownia2 the Grave Robber, a weakling DDNe (D:4)
  A hound skeleton (D:4)
  A howler monkey zombie (D:6)
  A worker ant zombie (D:9)
  7 gnolls
  7 adders
  A howler monkey skeleton (D:7)
  2 shadow imps
  An ooze (D:2)
  An adder zombie (D:7)
  2 adder skeletons
  3 worms
  A dart slug (D:2)
  8 leopard geckos
  32 orcs
  9 giant cockroaches
  2 goblins (D:1)
  13 hobgoblins
  12 jackals
  17 kobolds
  5 quokkas
  4 ball pythons
  A bat (D:3)
  7 frilled lizards
  A quokka skeleton (D:7)
  2 quokka zombies (D:7)
  7 rats
236 creatures vanquished.

Notes
Turn   | Place    | Note
-------+----------+-------------------------------------------
     0 | D:1      | poirepourri the Gargoyle Fighter began the quest for the Orb.
     0 | D:1      | Reached XP level 1. HP: 14/14 MP: 1/1
   153 | D:1      | Reached XP level 2. HP: 19/19 MP: 2/2
   218 | D:1      | Reached skill level 3 in Maces & Flails
   295 | D:1      | Reached XP level 3. HP: 17/23 MP: 3/3
   800 | D:2      | Reached skill level 4 in Maces & Flails
  1009 | D:2      | Reached XP level 4. HP: 28/28 MP: 4/4
  1792 | D:3      | Reached skill level 5 in Maces & Flails
  1792 | D:3      | Reached XP level 5. HP: 32/32 MP: 5/5
  2129 | D:3      | Reached skill level 6 in Maces & Flails
  2173 | D:3      | Noticed Terence
  2175 | D:3      | Found a white marble altar of Elyvilon.
  2189 | D:3      | Killed Terence
  2189 | D:3      | Reached XP level 6. HP: 35/37 MP: 6/6
  2930 | D:4      | Found a bloodstained altar of Trog.
  2991 | D:4      | Found a staircase to the Ecumenical Temple.
  3108 | D:4      | Noticed letownia2's ghost (weakling DDNe)
  3164 | Temple   | Entered the Ecumenical Temple
  3229 | Temple   | Became a worshipper of Warmaster Okawaru
  3533 | D:4      | Killed letownia2's ghost
  3851 | D:5      | Entered Level 5 of the Dungeon
  3911 | D:5      | Reached skill level 7 in Maces & Flails
  3949 | D:5      | Noticed a water moccasin
  3964 | D:5      | Killed a water moccasin
  3964 | D:5      | Reached XP level 7. HP: 36/41 MP: 7/7
  3995 | D:5      | Reached skill level 8 in Maces & Flails
  4025 | D:5      | Noticed AdmiralAndromeda's ghost (novice MfGl)
  4027 | D:5      | Reached * piety under Okawaru
  4061 | D:5      | Killed AdmiralAndromeda's ghost
  4061 | D:5      | Reached skill level 9 in Maces & Flails
  4061 | D:5      | Reached XP level 8. HP: 29/46 MP: 8/8
  4217 | D:5      | Reached ** piety under Okawaru
  4399 | D:5      | Found a blossoming altar of Fedhas.
  4539 | D:5      | Noticed Grinder
  4542 | D:5      | Paralysed by Grinder for 5 turns
  4555 | D:5      | Paralysed by Grinder for 3 turns
  4562 | D:5      | Paralysed by Grinder for 6 turns
  4575 | D:5      | Killed Grinder
  4575 | D:5      | Reached skill level 10 in Maces & Flails
  4781 | D:6      | Found Odwifuij's Jewellery Emporium.
  4848 | D:6      | Found a stormy altar of Qazlal.
  5011 | D:6      | Found an opulent altar of Gozag.
  5013 | D:6      | Found a hazy altar of Hepliaklqana.
  5053 | D:6      | Reached skill level 5 in Fighting
  5056 | D:6      | Reached XP level 9. HP: 18/55 MP: 9/9
  5631 | D:6      | Reached *** piety under Okawaru
  6205 | D:7      | Reached skill level 1 in Dodging
  6306 | D:7      | Noticed Menkaure
  6318 | D:7      | Killed Menkaure
  6492 | D:7      | Reached XP level 10. HP: 61/66 MP: 10/10
  6562 | D:7      | Reached **** piety under Okawaru
  6646 | D:7      | Reached skill level 5 in Dodging
  6732 | D:7      | Found a sand-covered staircase.
  7247 | D:8      | Noticed Erica
  7267 | D:8      | Killed Erica
  7267 | D:8      | Reached ***** piety under Okawaru
  7294 | D:8      | Found a hide-covered altar of Uskayaw.
  7295 | D:8      | Found a shattered altar of Ashenzari.
  7324 | D:8      | Got a polished flail
  7334 | D:8      | Identified the +10 flail of Eternal Night {holy, rF- Int+3 Dex+7} (You found it on level 8 of the Dungeon)
  7337 | D:8      | Found a shadowy altar of Dithmenos.
  8309 | D:9      | Found Widemu's Book Shop.
  8483 | D:9      | Received a gift from Okawaru
  9173 | D:9      | Noticed a two-headed ogre
  9182 | D:9      | Killed a two-headed ogre
  9182 | D:9      | Reached XP level 11. HP: 40/71 MP: 11/11
  9192 | D:10     | Entered Level 10 of the Dungeon
  9199 | D:10     | Noticed a frost giant
  9203 | D:10     | Found a glowing silver altar of Zin.
  9207 | D:10     | Noticed a fire dragon
  9210 | D:10     | Killed from afar by a fire dragon

Skill      XL: |  1  2  3  4  5  6  7  8  9 10 |
---------------+-------------------------------+-----
Maces & Flails | 3 4 5 6 7 9 10 | 10.3
Fighting       | 5 9 |  9.0
Dodging        | 4 9 |  9.0
Armour         | |  3.2
Shields        | |  3.2

Action                   |  1- 3 |  4- 6 |  7- 9 | 10-12 || total
-------------------------+-------+-------+-------+-------++-------
Melee: Flail             |    94 |   284 |   406 |   210 ||   994
 Fire: Blowgun           |       |       |       |     5 ||     5
Evoke: Wand              |       |     2 |       |       ||     2
  Use: Scroll            |     6 |     7 |    10 |    13 ||    36
       Potion            |     1 |       |     2 |       ||     3
  Eat: Fruit             |       |     2 |       |       ||     2
       Royal jelly       |       |     3 |     1 |     3 ||     7
       Chunk             |       |     1 |     1 |       ||     2
       Meat ration       |       |     1 |     1 |       ||     2
Armor: Scale mail        |    53 |   188 |   128 |    73 ||   442
Dodge: Dodged            |    28 |    83 |    78 |    49 ||   238
Block: Shield            |    51 |   182 |   221 |   151 ||   605
